AoeStats
← ҎکγςЋΘ

Arena

506690136Analyzed
3v3 RM · 19d ago on Sep 14, 2026· 49m 24s· 6 players
Game mode
Random Map
Map size
Normal (6 player)
Population
200
Speed
Normal
Resources
Standard
Victory
Conquest
Starting age
Dark Age
Ending age
Imperial Age
RankedLock teamsTeams togetherTeam positionsShared explorationLock speedFull tech treeHidden civsTurbo modeCheats
Victory
Defeat
🇺🇸 Japanese · United States
668
+11
🇧🇷 Wei · Brazil
666
+11
🇧🇷 Mongols · Brazil
633
+12
🇩🇪 Teutons · Germany
654
-35
🇩🇪 Khmer · Germany
513
-10
🇩🇪 Romans · Germany
476
-9
Barkyboys2
11:49 Feudal Age
14:22 Loom
18:16 Castle Age
17:20 Double-Bit Axe
23:26 Horse Collar
27:02 Wheelbarrow
28:19 Hand Cart
28:06 Gold Mining
31:29 Imperial Age
30:04 Bow Saw
30:00 Heavy Plow
32:26 Gold Shaft Mining
31:42 Elite Samurai
32:57 Kataparuto
33:50 Elite Skirmisher
34:57 Conscription
38:11 Thumb Ring
40:26 Squires
40:13 Gambesons
40:15 Arson
40:35 Scale Mail Armor
40:46 Forging
40:28 Fletching
40:40 Padded Archer Armor
47:02 Pikeman
48:03 Leather Archer Armor
47:44 Bodkin Arrow
48:06 Chain Mail Armor
48:27 Iron Casting
Taz Mania
10:51 Feudal Age
11:42 Double-Bit Axe
11:43 Horse Collar
18:28 Wheelbarrow
22:07 Castle Age
21:10 Fletching
21:21 Gold Mining
23:38 Bodkin Arrow
24:29 Heavy Plow
24:47 Hand Cart
24:49 Bow Saw
26:56 Gold Shaft Mining
31:34 Imperial Age
29:06 Stone Mining
30:42 Town Watch
31:56 Stone Shaft Mining
32:58 Bracer
32:59 Murder Holes
33:33 Conscription
33:40 Town Patrol
33:58 Loom
35:19 Fervor
35:29 Thumb Ring
35:28 Padded Archer Armor
35:43 Husbandry
35:54 Bloodlines
36:44 Leather Archer Armor
36:56 Parthian Tactics
37:49 Elite Mangudai
41:48 Chemistry
41:08 Ballistics
44:29 Drill
44:25 Capped Ram
45:47 Siege Ram
Guaxinim
12:11 Feudal Age
12:46 Horse Collar
12:55 Double-Bit Axe
13:03 Gold Mining
13:49 Stone Mining
19:24 Wheelbarrow
21:18 Castle Age
20:54 Bloodlines
22:46 Heavy Plow
23:20 Husbandry
24:14 Bow Saw
25:48 Forging
31:05 Scale Barding Armor
33:25 Coinage
35:55 Imperial Age
42:28 Elite Tiger Cavalry
43:16 Heated Shot
48:48 Iron Casting
48:34 Chain Barding Armor
ҎکγςЋΘ
12:57 Feudal Age
13:26 Double-Bit Axe
14:17 Wheelbarrow
13:29 Horse Collar
19:59 Castle Age
20:39 Heavy Plow
20:52 Bow Saw
25:38 Imperial Age
23:10 Gold Mining
25:15 Elite Skirmisher
25:44 Light Cavalry
26:34 Bloodlines
26:25 Husbandry
28:03 Crop Rotation
28:05 Bloodlines
29:47 Gold Shaft Mining
31:19 Caravan
32:06 Scale Barding Armor
32:25 Conscription
32:32 Siege Engineers
33:30 Chain Barding Armor
35:20 Hand Cart
37:16 Ballistics
36:48 Heated Shot
36:55 Pikeman
Pr Manager / Big G.
15:47 Feudal Age
19:00 Wheelbarrow
18:54 Horse Collar
19:52 Stone Mining
19:52 Gold Mining
20:57 Double-Bit Axe
26:12 Scale Barding Armor
26:07 Scale Mail Armor
26:08 Padded Archer Armor
26:49 Bloodlines
28:35 Fletching
28:55 Forging
32:18 Castle Age
31:07 Man-at-Arms
31:33 Arson
33:16 Hand Cart
32:48 Town Watch
32:52 Loom
33:45 Squires
33:30 Gambesons
33:16 Elite Skirmisher
34:22 Heavy Plow
34:57 Bow Saw
36:37 Leather Archer Armor
37:12 Chain Mail Armor
36:58 Long Swordsman
39:24 Ballistics
38:54 Guard Tower
39:27 Fortified Wall
39:30 Masonry
39:42 Pikeman
40:30 Crossbowman
43:03 Stone Shaft Mining
43:30 Town Patrol
45:10 Chain Barding Armor
[S1☇Ҡ] DanielBayern
12:14 Feudal Age
13:35 Wheelbarrow
14:08 Double-Bit Axe
14:07 Horse Collar
27:25 Bloodlines
38:05 Castle Age
38:22 Pikeman
39:03 Squires
Connection lost

Rejoining the realm…

Still unreachable

The connection could not be restored.

Session expired

The server has moved on; the page needs a fresh start.